 Dungeon Crawl Stone Soup version 0.31-a0-981-geadf994542 (webtiles) character file.

Game seed: 14533652176237177448

139 Demosthentine the Ducker (level 5, 41/41 HPs)
             Began as a Demonspawn Gladiator on Nov 1, 2023.
             Got out of the dungeon alive.
             The game lasted 00:04:42 (2526 turns).

Demosthentine the Ducker (Demonspawn Gladiator)     Turns: 2526, Time: 00:04:43

Health: 41/41      AC:  7    Str: 16    XL:     5   Next: 1%
Magic:  5/5        EV: 12    Int: 10    God:
Gold:   178        SH:  0    Dex: 14    Spells: 4/4 levels left

rFire   . . .        a - +0 trident
rCold   + . .        (no shield)
rNeg    . . .        b - +0 leather armour
rPois   .            c - +1 helmet
rElec   .            (no cloak)
rCorr   .            (no gloves)
SInv    .            (no boots)
Will    .....        (no amulet)
Stlth   +            m - ring of protection from cold
HPRegen 0.26/turn    (no ring)
MPRegen 0.09/turn

%: no passive effects
@: no status effects
A: claws 1, slimy green scales 1, spiny 1
a: no special abilities


You escaped.
You visited 1 branch of the dungeon, and saw 4 of its levels.

You collected 178 gold pieces.

Inventory:

Hand Weapons
 a - a +0 trident (weapon)
Missiles
 d - 3 throwing nets (quivered)
 e - a javelin
Armour
 b - a +0 leather armour (worn)
 c - a +1 helmet (worn)
Jewellery
 m - a ring of protection from cold (left claw)
Scrolls
 h - a scroll of revelation
Potions
 f - 4 potions of curing {unknown}
 i - 2 potions of might {unknown}
 k - a potion of mutation
 l - a potion of magic
 n - a potion of resistance
 o - a potion of ambrosia {unknown}


   Skills:
 + Level 3.0 Fighting
 + Level 3.4 Polearms
 - Level 1.7 Throwing
 + Level 1.9 Armour
 + Level 3.5 Dodging


You had 4 spell levels left.
You didn't know any spells.
Your spell library contained the following spells:

 Spells                   Type           Power      Damage    Failure   Level
 Poisonous Vapours        Pois/Air       0%         N/A       56%         2
 Sublimation of Blood     Necr           0%         N/A       56%         2
 Wereblood                Tmut           0%         N/A       56%         2
 Mephitic Cloud           Conj/Pois/Air  0%         N/A       80%         3
 Tukima's Dance           Hex            0%         N/A       80%         3
 Dimensional Bullseye     Hex/Tloc       0%         N/A       99%         4
 Iskenderun's Mystic Bla  Conj/Tloc      0%         2d3       99%         4
 Freezing Cloud           Conj/Ice/Air   0%         6-21      100%        5
 Summon Hydra             Summ           0%         N/A       100%        7


Dungeon Overview and Level Annotations

Branches:
Dungeon (4/15)
 Temple: D:4-7

Altars:
Hepliaklqana
Sif Muna

Annotations:
D:3 2 transporters


Innate Abilities, Weirdness & Mutations

You have sharp fingernails.
You are partially covered in slimy green scales. (AC +2)
You are partially covered in sharp spines.


Message History

Level annotation: 2 transporters
There is a stone staircase leading down here.
You start resting.
HP restored.
You climb downwards.
The orc hits you with a +0 mace.
There is a stone staircase leading up here.
The orc closely misses you. The orc hits you with a +3 mace.
You climb upwards.
Level annotation: 2 transporters
There is a stone staircase leading down here.
You puncture the orc!
You kill the orc!
The orc is struck by your spines. The orc hits you with a +3 mace!
You have reached level 5!
Your demonic ancestry asserts itself...
Your fingernails lengthen.
You completely miss the orc. You claw the orc.
The orc is severely wounded.
The orc hits you with a +3 mace.
You hit the orc.
You kill the orc!
No target in view!
No target in view!
No target in view!
Things that are here:
a +0 mace; a +0 leather armour
There is a stone staircase leading down, spattered with blood here.
What level of the Dungeon? (default 4, ? - help)
Things that are here:
a +0 mace; a +0 leather armour
There is an open door here.
There is an open door here.
There is a stone staircase leading up here.
You climb upwards.
There is a stone staircase leading down here.
There is a stone staircase leading up here.
You climb upwards.
There is a stone staircase leading down here.
There is a staircase leading out of the dungeon here.
You have escaped!

....#.# ##.##...####.#.##.#...+.
......# ##.##...##.##.##.#..†#.
...##########.#####.###.##.#...##
............#.## ##.# #........#
.)..........#..###..# ###....#.##
##......######..#..## #....#...
........# #..#..# #....###.
#.......# ##...## #........
##......# #.@.# #........
#......# ##...## #........
#......# #..#..# #....##..
#......### ##..#..## #....##..
######...# #..###..# #....##..
###.# #.#####.# #....##..
#.###(#...#.## ##'#.##.#
#.##.##.#.##.## #.#.....
#...###.#.###.# #.###..#


There were no monsters in sight!

Vanquished Creatures
  An iguana (D:3)
  Robin (D:2)
  3 adders
  A dart slug (D:1)
  3 orcs (D:3)
  8 bats
  3 endoplasms (D:3)
  4 giant cockroaches
  7 goblins
  6 hobgoblins
  4 jackals
  7 quokkas
  8 ball pythons
  5 kobolds
  3 rats
64 creatures vanquished.

Notes
Turn   | Place    | Note
-------+----------+-------------------------------------------
     0 | D:1      | Demosthentine the Demonspawn Gladiator began the quest for
                  | the Orb.
     0 | D:1      | Reached XP level 1. HP: 16/16 MP: 1/1
   169 | D:1      | Gained mutation: You are partially covered in sharp spines.
                  | [demonic ancestry]
   169 | D:1      | Reached XP level 2. HP: 22/22 MP: 2/2
   664 | D:1      | Reached skill level 1 in Armour
   843 | D:1      | Gained mutation: You are partially covered in slimy green
                  | scales. (AC +2) [demonic ancestry]
   843 | D:1      | Reached XP level 3. HP: 23/28 MP: 3/3
  1096 | D:2      | Found a shimmering blue altar of Sif Muna.
  1135 | D:2      | Noticed Robin
  1141 | D:2      | Killed Robin
  1508 | D:2      | Reached XP level 4. HP: 34/34 MP: 4/4
  1533 | D:3      | Identified the "Irug"
  1640 | D:3      | Found a hazy altar of Hepliaklqana.
  1735 | D:3      | Found a transporter.
  1744 | D:3      | Found a transporter.
  2452 | D:3      | Gained mutation: You have sharp fingernails. [demonic
                  | ancestry]
  2452 | D:3      | Reached XP level 5. HP: 26/41 MP: 5/5
  2526 | D:$      | Got out of the dungeon alive.

Illustrated notes

Levels and vault maps discovered:
D:1:      dpeg_arrival_simpleton_a, layout_basic, chequers_serial_rivers_marsh
D:2:      layout_loops_ring, basic_altar, uniq_robin
D:3:      layout_loops_corners, gammafunk_temple_overflow_arena
D:4:      cheibrodos_quashed, layout_loops_cross, mainiacjoe_overflow_catwalk,
          temple_doors_ab

Skill      XL: |  1  2  3  4 |
---------------+-------------+-----
Polearms       | 3 |  3.4
Dodging        | 3 |  3.5
Armour         | 1 |  1.9
Fighting       | 3 |  3.0
Throwing       | |  1.7

Action                     |  1- 3 |  4- 6 || total
---------------------------+-------+-------++-------
  Melee: Trident           |    87 |    43 ||   130
         Punch             |       |     2 ||     2
    Use: Scroll            |     4 |     4 ||     8
   Stab: Sleeping          |     2 |       ||     2
 Armour: Leather armour    |    34 |    11 ||    45
  Dodge: Dodged            |    42 |    20 ||    62

Table legend: (Time is in decaauts)
 A = Elapsed time spent in this place.
 B = Non-inter-level travel time spent in this place.
 C = Inter-level travel time spent in this place.
 D = Time resting spent in this place.
 E = Time spent auto-exploring this place.
 F = Levels seen in this place.
 G = Mean time per level.
                   A        B        C        D        E       F      G
               +--------+--------+--------+--------+--------+-----+--------+
         Total |   2547 |   2479 |     68 |    143 |   1960 |   4 |  636.8 |
       Dungeon |   2547 |   2479 |     68 |    143 |   1960 |   4 |  636.8 |
               +--------+--------+--------+--------+--------+-----+--------+

Top non-repeatable levels by time:
     D:1: 965 daAuts
     D:3: 962 daAuts
     D:2: 610 daAuts
     D:4: 8 daAuts
